 Dungeon Sprint DCSS version 0.19-a0-1815-g4007336 (webtiles) character file.

21578 poirepourri the Ninja (level 12, -6/54 HPs)
             Began as a Spriggan Enchanter on Oct 5, 2016.
             Was the Champion of Dithmenos.
             Mangled by a fire giant
             ... wielding a +0 great sword of flaming
              (23 damage)
             ... in the Dungeon (Sprint I: "Red Sonja").
             The game lasted 00:17:38 (5969 turns).

poirepourri the Ninja (Spriggan Enchanter)          Turns: 5969, Time: 00:17:39

Health: -6/54      AC:  7    Str:  4    XL:     12   Next: 55%
Magic:  14/33      EV: 27    Int: 17    God:    Dithmenos [******]
Gold:   753        SH:  8    Dex: 21    Spells: 9 memorised, 17 levels left

rFire  + + .     SeeInvis +     n - +2 short sword (pierce)
rCold  . . .     Gourm    .     b - +1 robe
rNeg   . . .     Faith    .     s - +1 buckler {AC+3}
rPois  .         Spirit   .     (helmet restricted)
rElec  .         Dismiss  .     v - +0 cloak
rCorr  .         Reflect  .     (gloves unavailable)
MR     ++...     Harm     .     (boots unavailable)
Stlth  ++++++++++ NoTele   +    (no amulet)
                                y - ring of protection from fire
                                o - ring of protection from fire (curse)

@: wreathed by umbra, very quick
A: unfitting armour, see invisible, herbivore 3, speed 3, slow metabolism 2
a: Shadow Step, Shadow Form, Renounce Religion


You were in the Dungeon.
You worshipped Dithmenos.
Dithmenos was exalted by your worship.
You were not hungry.

You visited 1 branch You collected 3520 gold pieces.
You spent 2767 gold pieces at shops.

Inventory:

Hand Weapons
 l - a +0 rapier of holy wrath
 n - a +2 short sword of piercing (weapon)
Armour
 b - a +1 robe (worn)
 s - a +1 buckler of protection (worn)
 v - a +0 cloak (worn)
Jewellery
 o - a cursed ring of protection from fire (left hand)
 q - an uncursed ring of wizardry
 r - a +5 ring of intelligence
 t - an uncursed ring of poison resistance
 u - an uncursed ring of protection from cold
 w - an uncursed ring of resist corrosion
 x - an uncursed amulet of magic regeneration
 y - a ring of protection from fire (right hand)
Scrolls
 j - a scroll of blinking
 k - a scroll of remove curse
 m - 2 scrolls of identify
Potions
 e - 5 potions of curing
 f - 2 potions of heal wounds
 g - a potion of haste
 h - 2 potions of magic
 i - 2 potions of berserk rage
Books
 a - a book of Misfortune

   Spells                             Type                      Level
   a - Confusing Touch                Hexes                        1
   b - Confuse                        Hexes                        3
   c - Gell's Gravitas                Hexes/Translocation          3
   d - Petrify                        Transmutation/Earth          4
   e - Metabolic Englaciation         Hexes/Ice                    5
   f - Yara's Violent Unravelling     Hexes/Transmutation          5
 c - a book of Maledictions

   Spells                             Type                      Level
   a - Corona                         Hexes                        1
   b - Ensorcelled Hibernation        Hexes/Ice                    2
   c - Confuse                        Hexes                        3
   d - Tukima's Dance                 Hexes                        3
   e - Dazzling Spray                 Conjuration/Hexes            3
Comestibles
 d - 2 bread rations


   Skills:
 - Level 2.3 Fighting
 + Level 11.6 Short Blades
 + Level 10.4 Dodging
 O Level 27 Stealth
 + Level 3.2 Shields
 + Level 16.2 Spellcasting
 + Level 5.5 Conjurations
 + Level 17.0 Hexes
 - Level 1.2 Ice Magic
 + Level 6.1 Invocations


You had 17 spell levels left.
You knew the following spells:

 Your Spells              Type           Power        Failure   Level  Hunger
a - Corona                Hex            ######.      0%          1    None
b - Ensorcelled Hibernat  Hex/Ice        #####.       1%          2    None
c - Confuse               Hex            ######..     0%          3    None
d - Tukima's Dance        Hex            ######..     0%          3    None
e - Dazzling Spray        Conj/Hex       ######       1%          3    None
f - Confusing Touch       Hex            ######       0%          1    None
g - Gell's Gravitas       Hex/Tloc       #####.....   1%          3    None
h - Metabolic Englaciati  Hex/Ice        #####.....   4%          5    ####...
i - Yara's Violent Unrav  Hex/Tmut       #####.....   6%          5    ####...


Dungeon Overview and Level Annotations

Branches:
Dungeon (1/1)

Altars:
Cheibriados
Dithmenos
Elyvilon
Fedhas
Gozag
Hepliaklqana
Kikubaaqudgha
Makhleb
Nemelex Xobeh
Okawaru
Qazlal
Ru
Sif Muna
Trog
Uskayaw
Vehumet
Xom
Yredelemnul
Zin
The Shining One
Jiyva
Lugonu

Shops:
D :*?!!%:***%[=:(!*[=[[


Innate Abilities, Weirdness & Mutations

You are very small and have problems with some larger weapons.
You are too small for most types of armour.
You have supernaturally acute eyesight. (SInv)
You are a herbivore.
You cover ground extremely quickly.
You need consume almost no food.


Message History

The fire giant resists.
Unknown command.
Casting: Dazzling Spray
Confirm with . or Enter, or press ? or * to list all spells.
Aiming: Dazzling Spray
Press: ? - help, Shift-Dir - straight line, f/p - fire giant
Aim: a fire giant, wielding a great sword of flaming (black smoke, almost dead, umbra)
The spray of energy hits the fire giant.
The fire giant is almost dead.
The fire giant completely misses you.
Unknown command.
Casting: Dazzling Spray
Confirm with . or Enter, or press ? or * to list all spells.
Aiming: Dazzling Spray
Press: ? - help, Shift-Dir - straight line, f/p - fire giant
Aim: a fire giant, wielding a great sword of flaming (black smoke, almost dead, umbra)
The spray of energy hits the fire giant.
The fire giant is almost dead.
The fire giant hits you with a great sword of flaming!!
You die...

..'§§#§#[###§§§#######+#§§§..#***
###§§'§#'#.###§#...##,,#§§§§§#,,,
.##+####^..#y#§##...#,,##§§§§#,∩,
.#.§§^.#...###§§###.#,,≈###+##,,,
.#.^..§'.....##.#A#.#,,≈,,*,****+
'###^.§#^....#..###.#,,≈,**+*,,,,
.'.#§§.###++##§##...#,,≈**,,,,,,,
##.#§§###..###§§#+###,,≈*,,,,,,,,
##.#..####..###§@§#,≈,,**,,,,,,,,
##§##'#§§#).#.###C#,≈,,*,,,,,,,,,
##.##)#...§§....#.#**,,*,,,,,,,,,
.'§####.........#.#,+,,**,,,,,,,,
##§#(.+......####'#,**+**,,,,,,,,
§#§#####...###....#,*≈≈≈**,,,,,,,
#§§#!?$#####...####,*≈≈≈≈**,,,,,,
####§§C.§C...##*,,,,*≈≈≈≈≈*******
##$!§§§§§#####,,,,****≈≈≈≈*≈≈≈≈≈*


You could see a fire giant.

Vanquished Creatures
  3 fire giants (D)
  A lorocyproca (D)
  A hydra (D)
  2 centaur warriors (D)
  Sonja (D)
  7 unseen horrors (D)
  A deep troll (D)
  A lindwurm (D)
  8 shining eyes (D)
  An oklob plant (D)
  A gargoyle (D)
  2 kobold demonologists (D)
  4 demonic crawlers (D)
  A slime creature (D)
  A hornet (D)
  2 redbacks (D)
  Sigmund (D)
  13 hogs (D)
  A yak (D)
  7 floating eyes (D)
  7 necrophages (D)
  An ogre (D)
  8 jellies (D)
  Ijyb (D)
  3 ballistomycetes (D)
  A ballistomycete spore (D)
80 creatures vanquished.

Vanquished Creatures (others)
  A gargoyle (D)
  A ballistomycete spore (D)
2 creatures vanquished.

Grand Total: 82 creatures vanquished

Notes
Turn   | Place    | Note
-------+----------+-------------------------------------------
     0 | D        | poirepourri the Spriggan Enchanter began the quest for the Orb.
     0 | D        | Reached XP level 1. HP: 9/9 MP: 5/5
     2 | D        | Noticed Ijyb
    13 | D        | Killed Ijyb
    13 | D        | Reached skill level 6 in Stealth
    13 | D        | Reached skill level 5 in Hexes
    13 | D        | Reached XP level 2. HP: 4/13 MP: 7/7
   178 | D        | Learned a level 2 spell: Ensorcelled Hibernation
   220 | D        | Noticed an ogre
   223 | D        | Killed an ogre
   223 | D        | Reached skill level 9 in Stealth
   223 | D        | Reached XP level 3. HP: 16/16 MP: 8/10
   223 | D        | Reached XP level 4. HP: 21/21 MP: 8/11
   256 | D        | Learned a level 3 spell: Confuse
   260 | D        | Learned a level 3 spell: Tukima's Dance
   264 | D        | Learned a level 3 spell: Dazzling Spray
   266 | D        | Noticed Sigmund
   272 | D        | Killed Sigmund
   272 | D        | Reached skill level 5 in Dodging
   272 | D        | Reached skill level 11 in Stealth
   272 | D        | Reached XP level 5. HP: 24/24 MP: 7/14
   334 | D        | Found a deep blue altar of Sif Muna.
   336 | D        | Found a radiant altar of Vehumet.
   340 | D        | Reached skill level 12 in Stealth
   340 | D        | Reached skill level 10 in Hexes
   340 | D        | Reached XP level 6. HP: 28/28 MP: 14/16
   378 | D        | Found Vopaihynk's Distillery.
   378 | D        | Found an ancient bone altar of Kikubaaqudgha.
   378 | D        | Found a hazy altar of Hepliaklqana.
   378 | D        | Found a stormy altar of Qazlal.
   378 | D        | Found a hide-covered altar of Uskayaw.
   378 | D        | Found a blossoming altar of Fedhas.
   378 | D        | Found a bloodstained altar of Trog.
   378 | D        | Found an iron altar of Okawaru.
   378 | D        | Found a basalt altar of Yredelemnul.
   378 | D        | Found a glowing golden altar of the Shining One.
   378 | D        | Found a snail-covered altar of Cheibriados.
   378 | D        | Found a sacrificial altar of Ru.
   378 | D        | Found a glowing silver altar of Zin.
   378 | D        | Found a shadowy altar of Dithmenos.
   378 | D        | Found a white marble altar of Elyvilon.
   378 | D        | Noticed a yak
   379 | D        | Found an opulent altar of Gozag.
   384 | D        | Killed a yak
   384 | D        | Reached skill level 13 in Stealth
   384 | D        | Reached skill level 1 in Ice Magic
   385 | D        | Found a sparkling altar of Nemelex Xobeh.
   394 | D        | Became a worshipper of Dithmenos the Shadowed
   412 | D        | Found a burning altar of Makhleb.
   412 | D        | Found a viscous altar of Jiyva.
   412 | D        | Found a shimmering altar of Xom.
   412 | D        | Found a corrupted altar of Lugonu.
   412 | D        | Noticed a slime creature
   415 | D        | Killed a slime creature
   415 | D        | Reached skill level 14 in Stealth
   415 | D        | Reached XP level 7. HP: 32/32 MP: 16/19
   504 | D        | Noticed Sonja
   508 | D        | Killed Sonja
   508 | D        | Reached skill level 1 in Fighting
   508 | D        | Reached skill level 5 in Short Blades
   508 | D        | Reached skill level 16 in Stealth
   508 | D        | Reached XP level 8. HP: 38/38 MP: 19/21
   517 | D        | Noticed a deep troll
   525 | D        | Killed a deep troll
   525 | D        | Reached * piety under Dithmenos
   525 | D        | Reached skill level 17 in Stealth
   536 | D        | Found Poigg's Armour Emporium.
   562 | D        | Found Veseril's Book Boutique.
   603 | D        | Noticed a centaur warrior
   603 | D        | Noticed a centaur warrior
   614 | D        | Killed a centaur warrior
   614 | D        | Reached skill level 19 in Stealth
   614 | D        | Reached XP level 9. HP: 32/42 MP: 20/23
   618 | D        | Killed a centaur warrior
   618 | D        | Reached skill level 10 in Spellcasting
   708 | D        | Reached ** piety under Dithmenos
   708 | D        | Reached skill level 20 in Stealth
   822 | D        | Noticed an oklob plant
   824 | D        | Killed an oklob plant
   843 | D        | Reached XP level 10. HP: 46/46 MP: 21/26
   871 | D        | Noticed an unseen horror
   872 | D        | Noticed an unseen horror
   879 | D        | Killed an unseen horror
   879 | D        | Reached *** piety under Dithmenos
   879 | D        | Reached skill level 21 in Stealth
   881 | D        | Killed an unseen horror
   944 | D        | Reached **** piety under Dithmenos
   945 | D        | Reached skill level 22 in Stealth
   957 | D        | Paralysed by a floating eye for 2 turns
   961 | D        | Reached ***** piety under Dithmenos
   961 | D        | Reached skill level 10 in Short Blades
  1250 | D        | Killed a gargoyle
  1551 | D        | Found Mozaruf's Assorted Antiques.
  1551 | D        | Found Jongika's Book Shop.
  1551 | D        | Found Doess's Assorted Antiques.
  1553 | D        | Found Axaiss's General Store.
  1553 | D        | Found Fazxed's Food Shop.
  1553 | D        | Found Usmechag's Antique Armour Shoppe.
  1553 | D        | Found Heahoa's Jewellery Boutique.
  1553 | D        | Found Coun's Book Emporium.
  1553 | D        | Found Doili's Weapon Shop.
  1553 | D        | Found Butagoge's Distillery.
  1555 | D        | Bought a book of Misfortune for 200 gold pieces
  1557 | D        | Bought a scroll labeled ERASEUDIME for 18 gold pieces
  1557 | D        | Bought a scroll labeled GYPLYN NUOPOAT for 18 gold pieces
  1557 | D        | Bought a scroll labeled OCZAPU ODUFI for 18 gold pieces
  1557 | D        | Bought a brass ring for 90 gold pieces
  1557 | D        | Bought a tubular wooden ring for 90 gold pieces
  1558 | D        | Found Kouxzoaq's Assorted Antiques.
  1559 | D        | Found Bevol's Jewellery Emporium.
  1559 | D        | Found Viyh's Armour Boutique.
  1560 | D        | Found Geimeyn's Armour Emporium.
  1561 | D        | Bought a runed buckler for 121 gold pieces
  1569 | D        | Bought an uncursed ring of poison resistance for 200 gold pieces
  1580 | D        | Bought an uncursed ring of protection from cold for 350 gold pieces
  1581 | D        | Bought a cloak for 121 gold pieces
  1621 | D        | Bought a scroll labeled INATARHANEE for 24 gold pieces
  1621 | D        | Bought a scroll labeled AQODIC OXZUABU for 24 gold pieces
  1621 | D        | Bought a scroll labeled WETIRA JONAHUT for 24 gold pieces
  1771 | D        | Noticed a smoke demon
  1772 | D        | Reached skill level 1 in Conjurations
  1773 | D        | Noticed a rust devil
  2077 | D        | Reached ****** piety under Dithmenos
  2084 | D        | Reached skill level 15 in Hexes
  2162 | D        | Learned a level 1 spell: Confusing Touch
  2166 | D        | Learned a level 3 spell: Gell's Gravitas
  2172 | D        | Learned a level 5 spell: Metabolic Englaciation
  2178 | D        | Learned a level 5 spell: Yara's Violent Unravelling
  2263 | D        | Noticed a gargoyle
  2271 | D        | Killed a gargoyle
  2271 | D        | Reached skill level 23 in Stealth
  2271 | D        | Reached XP level 11. HP: 50/50 MP: 9/28
  2371 | D        | Noticed a lindwurm
  2377 | D        | Killed a lindwurm
  2377 | D        | Reached skill level 1 in Shields
  2413 | D        | Reached skill level 10 in Dodging
  2548 | D        | Noticed a 12-headed hydra
  2550 | D        | Killed a 12-headed hydra
  2550 | D        | Reached skill level 24 in Stealth
  2605 | D        | Noticed a daeva
  2609 | D        | Noticed an unseen horror
  2610 | D        | Noticed an unseen horror
  2610 | D        | Noticed an unseen horror
  2611 | D        | Killed an unseen horror
  2612 | D        | Noticed an unseen horror
  2612 | D        | Noticed an unseen horror
  2613 | D        | Killed an unseen horror
  2614 | D        | Killed an unseen horror
  2614 | D        | Reached skill level 25 in Stealth
  2619 | D        | Killed an unseen horror
  2621 | D        | Killed an unseen horror
  3447 | D        | Noticed a lorocyproca
  3459 | D        | Killed a lorocyproca
  3459 | D        | Reached skill level 1 in Invocations
  3798 | D        | Bought a scroll of identify for 36 gold pieces
  3809 | D        | Bought a scroll of remove curse for 72 gold pieces
  3859 | D        | Noticed a shining eye
  3859 | D        | Noticed a shining eye
  3859 | D        | Noticed a shining eye
  3860 | D        | Noticed a shining eye
  3860 | D        | Noticed a shining eye
  3860 | D        | Noticed a shining eye
  3860 | D        | Noticed a shining eye
  3861 | D        | Killed a shining eye
  3861 | D        | Reached skill level 26 in Stealth
  3862 | D        | Noticed a shining eye
  3863 | D        | Killed a shining eye
  3863 | D        | Reached skill level 15 in Spellcasting
  3865 | D        | Killed a shining eye
  3865 | D        | Reached XP level 12. HP: 54/54 MP: 19/32
  3867 | D        | Paralysed by a floating eye for 4 turns
  3868 | D        | Gained mutation: You expend magic power (3 MP) to strengthen your wands. [a shining eye]
  3869 | D        | Gained mutation: You are frail. (-10% HP) [a shining eye]
  3874 | D        | Paralysed by a floating eye for 2 turns
  3876 | D        | Gained mutation: You tend to lose your temper in combat. [a shining eye]
  3880 | D        | Paralysed by a floating eye for 4 turns
  3894 | D        | Reached skill level 27 in Stealth
  3906 | D        | Lost mutation: You tend to lose your temper in combat. [potion of cure mutation]
  3906 | D        | Lost mutation: You are frail. (-10% HP) [potion of cure mutation]
  3906 | D        | Lost mutation: You expend magic power (3 MP) to strengthen your wands. [potion of cure mutation]
  3942 | D        | Found Xaraisk's General Store.
  3942 | D        | Found Cebed's Distillery.
  3942 | D        | Found Henoasal's Magic Scroll Emporium.
  3942 | D        | Found Coodut's Food Boutique.
  3966 | D        | Bought a potion of heal wounds for 55 gold pieces
  3966 | D        | Bought a potion of heal wounds for 55 gold pieces
  3966 | D        | Bought a scroll of blinking for 82 gold pieces
  3968 | D        | Bought a scroll of remove curse for 42 gold pieces
  4035 | D        | Bought a cursed ring of protection from fire for 308 gold pieces
  4853 | D        | Bought a twisted ivory ring for 120 gold pieces
  4853 | D        | Bought a square garnet amulet for 120 gold pieces
  4858 | D        | Bought an uncursed ring of protection from fire for 250 gold pieces
  4883 | D        | Bought a scroll of identify for 48 gold pieces
  4920 | D        | Bought a bread ration for 60 gold pieces
  4920 | D        | Bought a bread ration for 60 gold pieces
  5000 | D        | Bought a scroll of identify for 28 gold pieces
  5000 | D        | Bought a scroll of identify for 28 gold pieces
  5000 | D        | Bought a scroll of blinking for 105 gold pieces
  5325 | D        | Noticed a fire giant
  5326 | D        | Noticed a fire giant
  5326 | D        | Noticed a fire giant
  5326 | D        | Noticed a fire giant
  5327 | D        | Killed a fire giant
  5529 | D        | Killed a fire giant
  5529 | D        | Reached skill level 5 in Conjurations
  5529 | D        | Reached skill level 5 in Invocations
  5716 | D        | Killed a fire giant
  5969 | D        | Mangled by a fire giant

Vault maps used:
D:        dungeon_sprint_1

Skill      XL: |  1  2  3  4  5  6  7  8  9 10 11 12 |
---------------+-------------------------------------+-----
Stealth        | 6 9 11 12 14 16 19 20 23 26 27 | 27.0
Spellcasting   | 3 4 6 7 8 9 11 12 15 16 | 16.2
Hexes          | 5 7 9 10 11 12 13 14 15 16 17 | 17.0
Dodging        | 4 5 6 7 8 9 10 | 10.4
Short Blades   | 2 4 5 7 8 10 11 | 11.6
Ice Magic      | 1 |  1.2
Fighting       | 1 2 |  2.3
Conjurations   | 2 4 5 |  5.5
Shields        | 2 3 |  3.2
Invocations    | 2 6 |  6.1

Action                   |  1- 3 |  4- 6 |  7- 9 | 10-12 || total
-------------------------+-------+-------+-------+-------++-------
Melee: Dagger            |    10 |     3 |       |       ||    13
       Rapier            |       |     4 |    13 |    14 ||    31
       Short sword       |       |       |       |    77 ||    77
 Cast: Ensorcelled Hiber |       |     4 |     5 |    24 ||    33
       Dazzling Spray    |       |       |       |    65 ||    65
       Yara's Violent Un |       |       |       |     2 ||     2
Invok: Shadow Step       |       |       |       |     8 ||     8
       Shadow Form       |       |       |       |     1 ||     1
  Use: Scroll            |       |       |       |    15 ||    15
       Potion            |       |       |       |     4 ||     4
 Stab: Sleeping          |     2 |     4 |     8 |    46 ||    60
       Invisible         |       |       |       |     3 ||     3
  Eat: Bread ration      |       |       |       |     1 ||     1
Armor: Robe              |     2 |       |     1 |     7 ||    10
Dodge: Dodged            |     3 |     5 |    10 |    60 ||    78
Block: Buckler           |       |       |       |    23 ||    23
